Map: Triton LE

Players

Neeb - Winner!

  • Race: Protoss Protoss
  • League: Master
  • Spawn Location: 5:00

Stats

  • Race: Protoss Protoss
  • Spawn Location: 11:00

Event: NationWars 2019

VOD

Have the link to the VOD?

Description

Time

  • Played on: Nov. 12, 2019, 4:24 p.m.
  • Length: 16:10

All games in this series

Show
View Real Time Build Order
Export as new Build Order

Neeb Protoss - Winner!

Build Orders: Oracle Opening 

Get SALT Encoding   

  12  0:00  Probe  
  13  0:12  Probe  
  14  0:16  Pylon  
  14  0:25  Probe (Chrono Boost)  
  15  0:36  Gateway  
  15  0:37  Probe (Chrono Boost)  
  16  0:44  Probe (Chrono Boost)  
  16  0:46  Assimilator  
  17  0:51  Probe  
  17  0:54  Assimilator  
  18  1:03  Probe (Chrono Boost)  
  19  1:07  Gateway  
  19  1:12  Probe (Chrono Boost)  
  19  1:17  Probe (Chrono Boost)  
  20  1:24  Cybernetics Core  
  21  1:29  Probe  
  22  1:35  Pylon  
  22  1:41  Probe  
  24  2:01  Stargate  
  24  2:02  Stalker  
  24  2:07  Probe  
  28  2:12  Stalker  
  28  2:14  Warp Gate  
  29  2:24  Pylon  
  30  2:41  Oracle (Chrono Boost)  
  31  2:56  Nexus  
  31  3:06  Robotics Facility  
  31  3:10  Probe  
  32  3:18  Pylon  
  33  3:32  Stalker, Sentry  
  36  3:34  Pylon  
  36  3:50  Immortal (Chrono Boost)  
  37  4:06  Shield Battery  
  37  4:07  Shield Battery  
  37  4:09  Probe x2  
  39  4:16  Sentry  
  41  4:23  Warp Prism  
  43  4:29  Probe  
  43  4:30  Sentry  
  46  4:32  Probe  
  47  4:41  Probe  
  47  4:44  Probe  
  49  4:50  Pylon, Stalker  
  51  5:03  Stalker  
  52  5:07  Immortal (Chrono Boost)  
  52  5:14  Stalker  
  40  5:29  Stalker  
  36  5:39  Immortal (Chrono Boost)  
  38  5:45  Adept  
  40  5:55  Stalker  
  40  6:02  Shield Battery  
  40  6:11  Immortal (Chrono Boost)  
  44  6:23  Pylon  
  44  6:40  Pylon  
  44  6:42  Pylon  
  44  6:48  Sentry  
  46  7:03  Nexus  
  46  7:08  Probe (Chrono Boost)  
  46  7:14  Pylon  
  47  7:17  Sentry  
  47  7:19  Observer  
  47  7:20  Probe (Chrono Boost)  
  51  7:29  Probe (Chrono Boost)  
  52  7:35  Probe  
  53  7:41  Twilight Council  
  53  7:47  Probe  
  54  7:57  Sentry  
  56  8:02  Gateway  
  56  8:17  Gateway  
  56  8:21  Probe x2 (Chrono Boost)  
  58  8:32  Probe x2 (Chrono Boost)  
  59  8:37  Probe x2 (Chrono Boost)  
  59  8:40  Robotics Bay  
  62  8:49  Adept  
  62  8:57  Gateway  
  62  8:59  Shield Battery x2  
  62  9:09  Sentry  
  64  9:10  Adept  
  64  9:12  Adept  
  68  9:26  Disruptor (Chrono Boost)  
  68  9:30  Gateway x2  
  71  9:34  Pylon  
  71  9:36  Shield Battery  
  71  9:45  Adept x2  
  74  9:55  Adept  
  74  9:59  Disruptor (Chrono Boost)  
  79  10:14  Probe x2, Assimilator x2  
  81  10:25  Gravitic Drive (Chrono Boost)  
  81  10:26  Probe x2  
  81  10:38  Probe x2  
  81  10:40  Stalker  
  84  10:50  Probe  
  84  10:52  Probe  
  86  10:59  Blink (Chrono Boost)  
  86  11:02  Probe  
  87  11:05  Disruptor (Chrono Boost)  
  87  11:08  Pylon  
  90  11:12  Probe  
  90  11:14  Nexus  
  91  11:21  Pylon  
  91  11:25  Stalker  
  91  11:28  Probe x2  
  91  11:31  Stalker  
  97  11:40  Disruptor (Chrono Boost)  
  97  11:46  Probe x2  
  102  11:53  Pylon  
  102  11:54  Dark Shrine  
  102  11:58  Probe  
  102  11:59  Probe  
  104  12:06  Gateway  
  104  12:09  Disruptor (Chrono Boost)  
  107  12:23  Stalker  
  107  12:24  Stalker x2  
  113  12:34  Forge  
  102  12:42  Stalker, Disruptor (Chrono Boost)  
  105  13:09  Dark Templar x2  
  105  13:10  Nexus  
  109  13:13  Pylon  
  109  13:15  Pylon  
  100  13:29  Pylon, Disruptor (Chrono Boost)  
  103  13:37  Dark Templar x2  
  104  13:48  Pylon  
  104  13:49  Dark Templar  
  104  13:55  Stalker x2  
  110  14:08  Protoss Ground Weapons Level 1 (Chrono Boost), Probe  
  110  14:09  Probe  
  110  14:20  Probe  
  110  14:21  Probe  
  110  14:29  Stalker x3  
  116  14:36  Disruptor (Chrono Boost)  
  119  14:48  Dark Templar  
  121  14:53  Archon  
  121  14:54  Archon  
  119  15:02  Disruptor (Chrono Boost)  
  118  15:07  Photon Cannon  
  118  15:09  Photon Cannon  
  118  15:17  Assimilator  
  118  15:19  Assimilator  
  118  15:22  Stalker x2, Photon Cannon  
  112  15:37  Stalker x3  
  112  15:38  Stalker  
Show
View Real Time Build Order
Export as new Build Order

Stats Protoss 

Build Orders:  

Get SALT Encoding   

  12  0:00  Probe  
  13  0:13  Probe  
  14  0:17  Pylon  
  14  0:25  Probe (Chrono Boost)  
  15  0:37  Probe (Chrono Boost), Gateway  
  16  0:44  Probe (Chrono Boost)  
  16  0:46  Assimilator  
  17  0:51  Probe  
  17  0:55  Assimilator  
  18  1:03  Probe (Chrono Boost)  
  19  1:08  Gateway  
  19  1:14  Probe (Chrono Boost)  
  20  1:19  Probe (Chrono Boost)  
  20  1:24  Cybernetics Core  
  21  1:29  Probe  
  22  1:33  Pylon  
  22  1:41  Probe  
  23  1:54  Probe  
  24  2:01  Stalker x2, Warp Gate  
  28  2:10  Pylon  
  28  2:19  Pylon  
  28  2:22  Pylon  
  28  2:31  Stalker x2  
  32  2:42  Robotics Facility  
  32  2:48  Gateway  
  27  3:05  Stalker x2  
  32  3:10  Pylon  
  36  3:28  Warp Prism (Chrono Boost)  
  37  3:37  Shield Battery  
  37  3:51  Stalker x2  
  37  3:55  Stalker  
  42  4:09  Pylon  
  42  4:19  Sentry x2  
  46  4:46  Adept x2  
  46  4:47  Adept  
  52  4:54  Pylon  
  50  5:09  Adept x2  
  50  5:10  Adept  
  38  5:31  Stalker x2  
  38  5:32  Adept  
  42  5:41  Observer (Chrono Boost)  
  43  5:53  Adept  
  43  5:55  Adept  
  43  5:56  Adept  
  47  6:00  Immortal (Chrono Boost)  
  51  6:16  Sentry x2  
  51  6:17  Adept  
  55  6:37  Immortal (Chrono Boost)  
  59  6:58  Nexus  
  57  7:14  Immortal (Chrono Boost)  
  57  7:21  Pylon  
  61  7:30  Phoenix  
  61  7:36  Probe  
  62  7:40  Sentry  
  62  7:44  Stalker x2  
  68  7:48  Probe  
  69  7:54  Pylon  
  69  8:00  Probe  
  69  8:12  Probe  
  69  8:17  Probe  
  70  8:25  Probe  
  71  8:31  Adept x3  
  75  8:34  Adept  
  75  8:35  Adept x2  
  75  8:39  Probe x2  
  75  8:40  Pylon  
  79  8:50  Robotics Bay  
  81  8:55  Probe x2 (Chrono Boost)  
  81  9:07  Probe (Chrono Boost)  
  81  9:08  Probe (Chrono Boost)  
  83  9:10  Assimilator  
  83  9:13  Probe x2 (Chrono Boost)  
  85  9:17  Adept x2  
  89  9:25  Pylon  
  89  9:26  Pylon  
  89  9:43  Pylon, Disruptor (Chrono Boost)  
  89  9:44  Pylon  
  92  9:50  Adept  
  94  9:53  Pylon x2  
  94  10:11  Assimilator  
  94  10:12  Twilight Council  
  94  10:13  Disruptor (Chrono Boost)  
  97  10:20  Stalker x2  
  101  10:24  Stalker  
  103  10:35  Disruptor (Chrono Boost)  
  106  10:42  Blink (Chrono Boost)  
  106  10:56  Stalker x3  
  112  11:00  Probe x2  
  109  11:22  Stalker x3, Gravitic Drive (Chrono Boost)  
  115  11:25  Forge  
  115  11:42  Disruptor  
  118  11:47  Protoss Ground Weapons Level 1  
  118  11:53  Nexus  
  118  12:13  Pylon  
  118  12:18  Stalker x3  
  124  12:28  Immortal  
  128  12:36  Observer  
  122  12:53  Stalker x3  
  128  13:01  Charge  
  123  13:06  Immortal (Chrono Boost)  
  123  13:07  Observer  
  127  13:14  Probe x3, Observer  
  126  13:27  Stalker x3  
  87  13:56  Photon Cannon  
  87  14:02  Stalker x3  
  80  14:25  Probe x3  
  80  14:28  Zealot  
  85  14:41  Pylon  
  85  14:42  Robotics Facility  
  85  14:51  Pylon  
  85  14:57  Probe x3 (Chrono Boost)  
  88  15:02  Robotics Facility  
  88  15:11  Probe x3 (Chrono Boost)  
  89  15:26  Probe x3  
  85  15:40  Probe x2  
  85  15:41  Probe  
Tags
 
League
Master
Matchup
PvP
Player
NeebStats
Spawn Locations
Cross Positions
Add a new tag
Caveats
  • Supply blocks, unpowered buildings, or Contaminate may cause inaccurate times.
  • Supply counts are checked every 10 seconds.